 Dungeon Crawl Stone Soup version 0.23-a0-130-g0e7800e (webtiles) character file.

10031 Amnesiac the Zephyrmancer (level 11, -16/68 HPs)
             Began as a Mummy Air Elementalist on Aug 27, 2018.
             Was a High Priest of Sif Muna.
             Killed themself with a bounced bolt of lightning (39 damage)
             ... on level 10 of the Dungeon on Aug 28, 2018.
             The game lasted 00:29:11 (12615 turns).

Amnesiac the Zephyrmancer (Mummy Air Elementalist) Turns: 12615, Time: 00:29:13

Health: -16/68     AC:  7    Str: 11    XL:     11   Next: 30%
Magic:  0/33       EV: 11    Int: 25    God:    Sif Muna [*****.]
Gold:   662        SH:  0    Dex: 12    Spells: 13/28 levels left

rFire    . . .     SeeInvis .   a - +4 scimitar (flame)
rCold    . . .     Gourm    .   (no shield)
rNeg     + + +     Faith    .   u - +2 leather armour of Grace {Int+6}
rPois    ∞         Spirit   .   k - +0 helmet
rElec    .         Reflect  .   n - +0 cloak
rCorr    .         Harm     .   (no gloves)
MR       +....                  (no boots)
Stlth    +.........             (no amulet)
HPRegen  0.21/turn              d - ring of fire
MPRegen  0.23/turn              g - ring of magical power

@: divine energy
A: no food or potions, fire vulnerability, cold resistance 1, negative energy
resistance 3, torment resistance, unbreathing
a: Stop Divine Energy, Channel Magic, Forget Spell, Renounce Religion


You were on level 10 of the Dungeon.
You worshipped Sif Muna.
Sif Muna was extremely pleased with you.
You were not hungry.

You visited 2 branches of the dungeon, and saw 11 of its levels.

You collected 662 gold pieces.

Inventory:

Hand Weapons
 a - a +4 scimitar of flaming (weapon)
 r - a +0 long sword of distortion
Armour
 k - a +0 helmet (worn)
 n - a +0 cloak (worn)
 u - the +2 leather armour of Grace (worn) {Int+6}
   (You found it on level 8 of the Dungeon)

   It affects your intelligence (+6).
Jewellery
 d - a ring of fire (left hand)
 g - a ring of magical power (right hand)
Wands
 e - a wand of disintegration (10)
 i - a wand of iceblast (2)
 q - a wand of polymorph (25)
 s - a wand of flame (16)
 t - a wand of digging (15)
Scrolls
 b - 2 scrolls of enchant armour {!r}
 c - 2 scrolls of identify {!r}
 f - 8 scrolls of remove curse {!r}
 h - a scroll of magic mapping {!r}
 j - 3 scrolls of immolation {!r}
 l - 2 scrolls of enchant weapon {!r}
 m - 2 scrolls of teleportation {!r}
 o - a scroll of brand weapon {!r}
 p - a scroll of blinking {!r}
 v - 2 scrolls of amnesia {!r, unknown}


   Skills:
 - Level 1.5 Dodging
 - Level 1.5 Stealth
 - Level 9.2 Spellcasting
 - Level 9.2 Conjurations
 - Level 9.2 Air Magic
 + Level 5.3 Invocations


You had 13 spell levels left.
You knew the following spells:

 Your Spells              Type           Power        Failure   Level  Hunger
a - Airstrike             Air            ######....   1%          4    N/A
b - Mephitic Cloud        Conj/Pois/Air  #####...     1%          3    N/A
d - Lightning Bolt        Conj/Air       ######....   4%          5    N/A
e - Shock                 Conj/Air       ####         1%          1    N/A
z - Swiftness             Chrm/Air       ####....     1%          2    N/A

Your spell library contained the following spells:

 Spells                   Type           Power        Failure   Level  Hunger
 Throw Flame              Conj/Fire      ######       1%          2    N/A
 Static Discharge         Conj/Air       ######..     1%          3    N/A
 Summon Small Mammal      Summ           ##..         7%          1    N/A
 Call Imp                 Summ           ##......     11%         2    N/A
 Summon Lightning Spire   Summ/Air       ####....     11%         4    N/A
 Call Canine Familiar     Summ           ##......     22%         3    N/A
 Summon Guardian Golem    Hex/Summ       ##......     22%         3    N/A
 Bolt of Magma            Conj/Fire/Erth #####.....   50%         5    N/A
 Summon Ice Beast         Ice/Summ       ##......     56%         4    N/A
 Monstrous Menagerie      Summ           ##........   100%        7    N/A
 Summon Hydra             Summ           ##........   100%        7    N/A

Dungeon Overview and Level Annotations

Branches:
Dungeon (10/15)            Temple (1/1) D:6            Lair (0/6) D:9
    Orc (0/2) D:10

Altars:
Ashenzari
Cheibriados
Dithmenos
Elyvilon
Fedhas
Gozag
Hepliaklqana
Kikubaaqudgha
Makhleb
Nemelex Xobeh
Okawaru
Qazlal
Ru
Sif Muna
Trog
Uskayaw
Vehumet
Wu Jian
Xom
Yredelemnul
Zin
The Shining One

Annotations:
D:6 1 exclusion


Innate Abilities, Weirdness & Mutations

You do not eat or drink.
Your flesh is vulnerable to fire.
You are immune to poison.
Your flesh is cold resistant. (rC+)
You are immune to negative energy. (rN+++)
You are immune to unholy pain and torment.
You can survive without breathing.


Message History

Press: ? - help, Shift-Dir - straight line, f/p - hog
Aim: a hog (lightly wounded)
You hear a mighty clap of thunder!
The bolt of lightning misses the hog.
The bolt of lightning hits the hog.
The hog is moderately wounded.
The bolt of lightning hits the hog.
The hog is almost dead.
The bolt of lightning hits the hog.
The hog is moderately wounded.
Sif Muna grants you divine energy.
You briefly lose access to your magic!
The hog bites you but does no damage.
Unknown command.
The hog completely misses you.
You riposte.
You slash the hog! You burn the hog.
The hog is severely wounded.
The hog bites you.
You open the door. The hog bites you.
You regain access to your magic.
Found a ration.
There is an open door here.
The hog completely misses you. The hog barely misses you.
Casting: Lightning Bolt (safe; 4% risk of failure)
Confirm with . or Enter, or press ? or * to list all spells.
Aiming: Lightning Bolt (safe; 4% risk of failure)
Press: ? - help, Shift-Dir - straight line, f/p - hog
Aim: a hog (lightly wounded)
You hear a mighty clap of thunder!
The bolt of lightning hits the hog.
You kill the hog!
Sif Muna accepts your kill.
Your Invocations skill increases to level 5!
The bolt of lightning misses the hog.
The bolt of lightning hits the hog.
You kill the hog!
Sif Muna accepts your kill.
The bolt of lightning hits the hog.
The hog is heavily wounded.
Sif Muna grants you divine energy.
You briefly lose access to your magic!
The hog closely misses you.
You riposte.
You hit the hog. You burn the hog.
The hog is almost dead.
You slash the hog! You burn the hog.
You kill the hog!
Sif Muna accepts your kill.
You closely miss the hog.
The hog is moderately wounded.
The hog bites you.
You regain access to your magic.
The hog bites you!
* * * LOW HITPOINT WARNING * * *
The hog bites you!
* * * LOW HITPOINT WARNING * * *
Casting: Lightning Bolt (safe; 4% risk of failure)
Confirm with . or Enter, or press ? or * to list all spells.
Aiming: Lightning Bolt (safe; 4% risk of failure)
Press: ? - help, Shift-Dir - straight line, f - hog
Aim: a hog (moderately wounded) That beam is likely to hit you.
Continue anyway?
You hear a mighty clap of thunder!
The bolt of lightning misses the hog.
The bolt of lightning hits the hog.
The hog is almost dead.
The bolt of lightning hits you!
Ouch! That really hurt!
You die...

#.....#....#%..h.#....#..
#.....'....#%%..h'....#..
#.....############....#..
#......h..............#..
#....######...........#..
#....#....#...........#..
#....#....#...........#..
#....#....#.....##'##.#..
#....'..@.#.....#...#.#..
#....#†.h.#.....#...#.#..
#....#....#.....#...#.#..
#....####.#.....#####.#..
....... #.#...........###
........
###..............
........ ...............
......% ...........
###########


You could see a hog.

Vanquished Creatures
  Harold (D:7)
  Erica (D:9)
  2 two-headed ogres
  Urug (D:10)
  Joseph (D:9)
  2 hornets
  Prince Ribbit (D:6)
  2 hippogriffs
  A wraith (D:8)
  3 hogs (D:10)
  2 hungry ghosts (D:9)
  A wyvern (D:6)
  A human (D:10)
  4 wargs
  A water moccasin (D:10)
  3 orc warriors
  A sky beast (D:8)
  A black bear (D:6)
  6 ogres
  2 phantoms (D:9)
  2 centaurs
  Blork the orc (D:6)
  6 bullfrogs
  A gnoll sergeant (D:8)
  A scorpion (D:9)
  5 wights
  4 howler monkeys
  3 crimson imps
  2 centaur zombies
  2 jellies
  3 hounds
  A quasit (D:8)
  12 orc priests
  8 orc wizards
  A bullfrog zombie (D:10)
  Terence (D:2)
  4 iguanas
  6 worker ants
  2 hound skeletons
  A worker ant zombie (D:8)
  Robin (D:4)
  A howler monkey skeleton (D:8)
  9 adders
  18 gnolls
  A shadow imp (D:10)
  2 oozes
  4 worms
  An adder skeleton (D:6)
  7 leopard geckos
  34 orcs
  A ball python (D:3)
  2 bats
  3 giant cockroaches
  22 goblins
  12 hobgoblins
  20 jackals
  6 kobolds
  8 quokkas
  8 frilled lizards
  A jackal zombie (D:6)
  A leopard gecko skeleton (D:4)
  5 rats
270 creatures vanquished.

Notes
Turn   | Place    | Note
-------+----------+-------------------------------------------
     0 | D:1      | Amnesiac the Mummy Air Elementalist began the quest for the
                  | Orb.
     0 | D:1      | Reached XP level 1. HP: 13/13 MP: 4/4
   296 | D:1      | Reached XP level 2. HP: 17/19 MP: 3/5
   310 | D:1      | Learned a level 2 spell: Swiftness
   746 | D:3      | Reached XP level 3. HP: 10/24 MP: 0/7
  1250 | D:2      | HP: 1/24 [gnoll (6)]
  1251 | D:2      | Reached XP level 4. HP: 1/30 MP: 0/9
  1540 | D:2      | Learned a level 4 spell: Airstrike
  1835 | D:3      | Reached XP level 5. HP: 33/35 MP: 7/11
  2676 | D:4      | Noticed Robin
  2681 | D:4      | Killed Robin
  2810 | D:4      | Learned a level 5 spell: Lightning Bolt
  3300 | D:5      | Entered Level 5 of the Dungeon
  3742 | D:5      | Reached XP level 6. HP: 41/41 MP: 9/13
  3771 | D:5      | Reached skill level 5 in Spellcasting
  3771 | D:5      | Reached skill level 5 in Air Magic
  4546 | D:5      | Reached XP level 7. HP: 46/46 MP: 11/15
  4786 | D:6      | Noticed a wyvern
  4790 | D:6      | Killed a wyvern
  4966 | D:6      | Found a staircase to the Ecumenical Temple.
  4993 | Temple   | Entered the Ecumenical Temple
  5151 | Temple   | Became a worshipper of Sif Muna the Loreminder
  5829 | D:2      | Noticed Terence
  5833 | D:2      | Killed Terence
  6451 | D:3      | Reached XP level 8. HP: 52/52 MP: 3/18
  7045 | D:3      | Found a faded altar of an unknown god.
  7277 | D:6      | Found a deep blue altar of Sif Muna.
  7277 | D:6      | Noticed Blork the orc
  7280 | D:6      | Killed Blork the orc
  7327 | D:6      | Reached * piety under Sif Muna
  7667 | D:6      | Noticed Prince Ribbit
  7802 | D:6      | Killed Prince Ribbit
  8105 | D:7      | Noticed a hornet
  8106 | D:7      | Reached skill level 1 in Conjurations
  8143 | D:7      | Killed a hornet
  8143 | D:7      | Reached ** piety under Sif Muna
  8544 | D:7      | Noticed Harold
  8561 | D:7      | Reached XP level 9. HP: 29/57 MP: 0/21
  8561 | D:7      | Killed Harold
  8561 | D:7      | Reached skill level 5 in Conjurations
  9403 | D:7      | Reached *** piety under Sif Muna
  9412 | D:8      | Noticed a two-headed ogre
  9477 | D:8      | Killed a two-headed ogre
  9498 | D:8      | Reached XP level 10. HP: 58/63 MP: 0/22
  9802 | D:8      | Found a blossoming altar of Fedhas.
  9802 | D:8      | Found an opulent altar of Gozag.
  9809 | D:8      | Found a shadowy altar of Dithmenos.
  9815 | D:8      | Found a hazy altar of Hepliaklqana.
  9886 | D:8      | Got a crude leather armour
 10129 | D:8      | Identified the +2 leather armour of Grace {Int+6} (You
                  | found it on level 8 of the Dungeon)
 10195 | D:8      | Reached **** piety under Sif Muna
 10457 | D:9      | Noticed Erica
 10838 | D:8      | HP: 2/63 [orc wizard/magic dart (6)]
 11199 | D:9      | Killed Erica
 11442 | D:9      | Found a staircase to the Lair.
 11486 | D:9      | Noticed Joseph
 11502 | D:9      | Killed Joseph
 11602 | D:9      | Reached ***** piety under Sif Muna
 11602 | D:9      | Identified Sif Muna's Grimoire of Creation and Attacks (Sif
                  | Muna gifted it to you on level 9 of the Dungeon)
 11602 | D:9      | Received a gift from Sif Muna
 11608 | D:9      | Learned a level 3 spell: Mephitic Cloud
 11712 | D:9      | Noticed a two-headed ogre
 11717 | D:9      | Killed a two-headed ogre
 11717 | D:9      | Reached XP level 11. HP: 59/68 MP: 0/24
 11882 | D:10     | Entered Level 10 of the Dungeon
 11920 | D:10     | Noticed Urug
 11951 | D:10     | Killed Urug
 12476 | D:10     | Found a staircase to the Orcish Mines.
 12611 | D:10     | Reached skill level 5 in Invocations
 12615 | D:10     | Killed themself with a bounced bolt of lightning

Vault maps used:
D:1:      dpeg_arrival_snail
D:2:      uniq_terence
D:3:      cheibrodos_greedy_goblins, first_ration,
          chequers_ecumenical_altar_simple, dk_noncrumbling_3,
          kennysheep_generic_room_13
D:4:      uniq_robin
D:6:      temple_statues, tgw_sif, uniq_prince_ribbit1
D:7:      uniq_harold
D:8:      nicolae_overflow_quartered_altars
D:9:      erik_lair_orcish_takeover, uniq_erica, uniq_joseph
D:10:     erik_orc_3, grunt_livestock, uniq_urug
Temple:   regret_index_temple_mists

Skill      XL: |  1  2  3  4  5  6  7  8  9 10 11 |
---------------+----------------------------------+-----
Air Magic      | 3 4 5 6 8 9 |  9.2
Spellcasting   | 3 4 5 6 8 9 |  9.2
Conjurations   | 3 7 9 |  9.2
Invocations    | 2 5 |  5.3
Dodging        | |  1.5
Stealth        | |  1.5

Action                   |  1- 3 |  4- 6 |  7- 9 | 10-12 || total
-------------------------+-------+-------+-------+-------++-------
Melee: Long sword        |       |     4 |    34 |    20 ||    58
       Scimitar          |       |       |       |     4 ||     4
 Cast: Shock             |    55 |   156 |    43 |       ||   254
       Airstrike         |       |     1 |   125 |   185 ||   311
       Swiftness         |       |     1 |       |     1 ||     2
       Lightning Bolt    |       |       |     7 |     3 ||    10
Invok: Divine Energy     |       |       |     1 |       ||     1
Evoke: Wand              |       |       |       |     5 ||     5
  Use: Scroll            |       |     1 |    10 |       ||    11
Armor: Robe              |     5 |    14 |    22 |     6 ||    47
       Leather armour    |       |       |       |     5 ||     5
Dodge: Dodged            |    29 |    68 |    96 |    64 ||   257
       Rpst.: Long sword |       |    17 |    25 |    17 ||    59
       Scimitar          |       |       |       |     3 ||     3

Table legend:
 A = Non-vault XP
 B = Vault XP
 C = Vault XP percentage of total XP
 D = Non-vault monster count
 E = Vault monster count
 F = Vault count percentage of total count
                 A         B        C        D         E       F
            +---------+---------+-------+---------+---------+-------
      Total |    8771 |    5560 |  38.8 |     217 |      53 |  19.6
            +---------+---------+-------+---------+---------+-------
        D:1 |      48 |       0 |   0.0 |      19 |       0 |   0.0
        D:2 |     203 |      36 |  15.1 |      16 |       1 |   5.9
        D:3 |     109 |      17 |  13.5 |      35 |       9 |  20.5
        D:4 |     112 |      39 |  25.8 |      11 |      13 |  54.2
        D:5 |     407 |       0 |   0.0 |      23 |       0 |   0.0
        D:6 |     956 |     373 |  28.1 |      16 |       2 |  11.1
        D:7 |    1130 |    1007 |  47.1 |      28 |       1 |   3.4
        D:8 |    2441 |     209 |   7.9 |      28 |       2 |   6.7
        D:9 |    2706 |    1761 |  39.4 |      32 |       8 |  20.0
       D:10 |     659 |    2118 |  76.3 |       9 |      17 |  65.4
            +---------+---------+-------+---------+---------+-------
